AoeStats
← makia.man

Black Forest

510440033Analyzed
4v4 RM · 24h ago on Oct 1, 2026· 44m 56s· 8 players
Game mode
Random Map
Map size
Large (8 player)
Population
200
Speed
Normal
Resources
Standard
Victory
Conquest
Starting age
Dark Age
Ending age
Imperial Age
RankedLock teamsTeams togetherTeam positionsShared explorationLock speedFull tech treeHidden civsTurbo modeCheats
Victory
Defeat
🇺🇸 Slavs · United States
790
+12
🇺🇸 Vietnamese · United States
684
+17
🇨🇳 Spanish · China
683
+17
🇵🇪 Romans · Peru
671
+17
🇨🇴 Celts · Colombia
778
-18
🇨🇴 Slavs · Colombia
750
-18
🇨🇴 Khmer · Colombia
688
-15
🇨🇴 Bulgarians · Colombia
599
-12
jla
0:47 Loom
15:53 Feudal Age
17:09 Wheelbarrow
16:24 Double-Bit Axe
16:32 Gold Mining
16:25 Horse Collar
16:58 Man-at-Arms
17:24 Arson
19:03 Forging
21:20 Scale Mail Armor
21:45 Stone Mining
29:10 Castle Age
30:06 Hand Cart
30:04 Bow Saw
29:58 Heavy Plow
30:35 Iron Casting
30:37 Stone Shaft Mining
29:58 Fletching
30:21 Thumb Ring
32:45 Squires
33:39 Chain Mail Armor
33:21 Bodkin Arrow
33:26 Padded Archer Armor
37:28 Imperial Age
35:38 Caravan
37:33 Elite Rattan Archer
38:34 Paper Money
39:43 Crop Rotation
40:15 Two-Man Saw
40:47 Treadmill Crane
41:20 Masonry
40:56 Arrowslits
41:26 Chatras
43:49 Plate Mail Armor
43:20 Bracer
43:35 Leather Archer Armor
43:26 Scale Barding Armor
43:24 Elite Skirmisher
blueberry
0:27 Loom
13:37 Feudal Age
13:48 Man-at-Arms
18:14 Forging
18:03 Double-Bit Axe
20:19 Scale Mail Armor
21:45 Horse Collar
26:12 Castle Age
24:07 Gold Mining
24:32 Fletching
24:37 Stone Mining
27:34 Iron Casting
27:46 Bow Saw
29:25 Gold Shaft Mining
29:08 Heavy Plow
30:10 Chain Mail Armor
30:04 Squires
31:09 Wheelbarrow
30:44 Pikeman
38:41 Imperial Age
37:20 Caravan
37:55 Hand Cart
38:05 Murder Holes
38:37 Long Swordsman
39:33 Druzhina
40:09 Plate Mail Armor
39:56 Capped Ram
39:59 Halberdier
41:44 Crop Rotation
43:00 Blast Furnace
42:51 Coinage
43:25 Masonry
43:36 Ballistics
44:58 Banking
GEDIAN
0:32 Loom
15:07 Feudal Age
15:43 Horse Collar
23:16 Castle Age
22:12 Man-at-Arms
24:13 Scale Mail Armor
24:56 Heavy Plow
27:54 Double-Bit Axe
30:47 Bow Saw
30:59 Long Swordsman
32:23 Gold Mining
32:35 Fletching
33:44 Wheelbarrow
33:50 Bodkin Arrow
35:16 Hand Cart
39:04 Imperial Age
37:28 Chain Mail Armor
37:15 Caravan
39:03 Forging
39:45 Cavalier
39:52 Legionary
40:55 Conscription
41:03 Scale Barding Armor
42:48 Gold Shaft Mining
42:29 Heavy Scorpion
44:01 Crop Rotation
43:32 Murder Holes
43:03 Capped Ram
45:17 Chain Barding Armor
45:38 Ballistas
WINGER
0:46 Loom
11:50 Feudal Age
17:18 Castle Age
15:09 Horse Collar
16:13 Double-Bit Axe
16:20 Gold Mining
16:48 Stone Mining
18:20 Bow Saw
18:15 Heavy Plow
24:02 Stone Shaft Mining
26:59 Wheelbarrow
28:09 Hand Cart
31:06 Imperial Age
30:02 Forging
29:58 Scale Barding Armor
31:19 Iron Casting
32:11 Chain Barding Armor
33:13 Two-Man Saw
33:51 Blast Furnace
33:04 Cavalier
33:48 Husbandry
33:58 Bloodlines
34:50 Plate Barding Armor
35:51 Chemistry
35:12 Ballistics
34:25 Paladin
35:12 Fletching
35:37 Masonry
36:13 Guilds
36:36 Caravan
36:41 Padded Archer Armor
38:09 Masonry
38:30 Bodkin Arrow
38:50 Leather Archer Armor
38:59 Conscription
Changowar
14:24 Feudal Age
17:43 Castle Age
16:34 Horse Collar
16:42 Double-Bit Axe
16:51 Gold Mining
18:56 Bow Saw
28:10 Wheelbarrow
27:24 Loom
27:27 Light Cavalry
31:17 Hand Cart
30:50 Town Watch
38:10 Imperial Age
36:49 Heavy Plow
39:01 Bloodlines
38:11 Hussar
39:01 Double Crossbow
handorxonbro106
2:13 Loom
14:52 Feudal Age
15:02 Man-at-Arms
16:31 Wheelbarrow
16:28 Horse Collar
16:37 Double-Bit Axe
24:08 Castle Age
26:36 Forging
27:43 Hand Cart
27:32 Heavy Plow
27:44 Bow Saw
27:53 Caravan
28:33 Gold Mining
28:33 Stone Mining
32:59 Gold Shaft Mining
32:17 Stone Mining
32:50 Long Swordsman
38:15 Imperial Age
36:12 Squires
36:33 Detinets
37:35 Iron Casting
38:43 Ballistics
39:30 Crop Rotation
40:05 Two-Man Saw
39:41 Pikeman
42:53 Halberdier
makia.man
0:42 Loom
21:39 Feudal Age
23:11 Wheelbarrow
22:22 Town Watch
25:32 Double-Bit Axe
27:10 Horse Collar
27:56 Arson
35:02 Castle Age
34:31 Scale Barding Armor
34:37 Forging
34:27 Scale Mail Armor
34:47 Bloodlines
36:02 Hand Cart
36:25 Bow Saw
37:53 Heavy Plow
38:05 Husbandry
39:21 Chain Barding Armor
39:37 Iron Casting
39:26 Heresy
39:52 Chain Mail Armor
40:34 Squires
40:19 Gambesons
41:15 Pikeman
45:12 Imperial Age
El Abuelo Morris
20:07 Feudal Age
21:44 Wheelbarrow
22:01 Double-Bit Axe
21:58 Horse Collar
23:18 Forging
23:09 Scale Mail Armor
24:06 Gold Mining
26:04 Fletching
26:14 Padded Archer Armor
28:59 Castle Age
28:20 Scale Barding Armor
30:33 Hand Cart
30:24 Heavy Plow
30:36 Bow Saw
30:52 Caravan
31:52 Husbandry
32:40 Iron Casting
32:01 Bodkin Arrow
32:21 Chain Mail Armor
32:22 Leather Archer Armor
34:23 Stone Mining
35:08 Gold Shaft Mining
37:42 Ballistics
40:00 Imperial Age
40:12 Onager
40:47 Heavy Scorpion
42:43 Chemistry
41:49 Siege Engineers
43:23 Furor Celtica
43:34 Conscription
Connection lost

Rejoining the realm…

Still unreachable

The connection could not be restored.

Session expired

The server has moved on; the page needs a fresh start.